 Dungeon Crawl Stone Soup version 0.16-b1 (console) character file.

2889 mauris the Chopper (level 9, -2/46 HPs)
             Began as a Vine Stalker Venom Mage on Mar 13, 2015.
             Was a Priest of Trog.
             Slain by a wyvern (6 damage)
             ... on level 8 of the Dungeon.
             The game lasted 00:16:04 (8241 turns).

mauris the Chopper (Vine Stalker Venom Mage)        Turns: 8241, Time: 00:16:04

Health: -2/46      AC: 17    Str: 14    XL:     9   Next: 77%
Magic:  0/18       EV:  8    Int: 15    God:    Trog [***...]
Gold:   273        SH:  0    Dex: 15    Spells: 0 memorised, 12 levels left

rFire  + . .     SeeInvis +       - Unarmed
rCold  . . .     Clarity  .     y - +0 chain mail {8}
rNeg   . . .     SustAb   .     (no shield)
rPois  .         Gourm    .     j - +2 helmet {SInv}
rElec  .         Spirit   +     f - +2 cloak
rCorr  .         Warding  .     (no gloves)
rMut   .         Stasis   .     I - +1 pair of boots of the Clam {rF+}
MR     +....                    D - amulet of regeneration
Stlth  ..........               (no ring)
                                (no ring)

@: very slightly contaminated, hasted, drained, very quick, somewhat resistant
to hostile enchantments, extremely unstealthy
A: fangs 3, regeneration 2, magic shield, antimagic bite, no device heal 3, rot
immunity
a: Burn Spellbooks, Berserk, Trog's Hand, Renounce Religion


You were on level 8 of the Dungeon.
You worshipped Trog.
Trog was most pleased with you.
You were very hungry.

You visited 2 branches of the dungeon, and saw 9 of its levels.
You also visited: Ossuary.

You collected 573 gold pieces.
You spent 300 gold pieces at shops.

Inventory:

Hand weapons
 M - a +2 battleaxe
Armour
 f - a +2 cloak (worn)
 j - a +2 helmet of see invisible (worn)
 m - a cursed +0 leather armour {3}
 y - a +0 chain mail (worn) {8}
 I - the +1 pair of boots of the Clam (worn) {rF+}
   (You found it on level 7 of the Dungeon)

   It protects you from fire.
Jewellery
 s - a cursed amulet of resist mutation
 v - a cursed amulet of resist corrosion
 D - an amulet of regeneration (around neck)
 N - an uncursed ring of positive energy {unknown}
Magical devices
 e - a wand of random effects (37) {24}
 l - a wand of polymorph (11) {24}
 w - a wand of draining (1) {12}
 A - a wand of confusion (14) {24}
 L - a wand of flame (17) {24}
Scrolls
 a - a scroll of remove curse
 h - a scroll of immolation {!r}
 x - a scroll of enchant weapon
 B - 3 scrolls of recharging
 G - a scroll of fear
 K - 2 scrolls of magic mapping
Potions
 d - 3 potions of brilliance
 g - 2 potions of might
 k - 2 potions of ambrosia {!q}
 n - 5 potions of curing {@q1}
 o - a potion of cancellation
 p - a potion of heal wounds {unknown}
 u - a potion of agility
 C - a potion of berserk rage {unknown}
 E - a potion of haste {@q3}
 F - a potion of lignification {unknown}
 J - a potion of decay {unknown}
Books
 b - a Young Poisoner's Handbook

   Spells                             Type                      Level
   a - Sting                          Conjuration/Poison           1
   b - Cure Poison                    Poison                       2
   c - Mephitic Cloud                 Conjuration/Poison/Air       3
   d - Olgreb's Toxic Radiance        Poison                       4
   e - Venom Bolt                     Conjuration/Poison           5
   Trog disapproves of the use of such an item.
Comestibles
 c - 4 bread rations
 i - 9 meat rations
 q - 2 slices of pizza
 z - 2 fruits


   Skills:
 - Level 4.7(4.3) Fighting
   Level 3.7(3.3) Short Blades
 + Level 6.2(5.8) Axes
 - Level 4.4(4.0) Armour
 - Level 4.8(4.4) Dodging
 - Level 3.7(3.3) Stealth
 - Level 2.6(2.2) Unarmed Combat
 - Level 2.1(1.8) Spellcasting
   Level 4.0(3.5) Poison Magic


You had 12 spell levels left.
You didn't know any spells.

Dungeon Overview and Level Annotations

Branches:
Dungeon (8/15)             Temple (1/1) D:7
   Lair: D:8-11

Altars:
Cheibriados
Elyvilon
Fedhas
Gozag
Kikubaaqudgha
Qazlal
Sif Muna
Trog
Xom
Yredelemnul
Zin

Shops:
D:4 *   D:6 =   D:7 (


Innate Abilities, Weirdness & Mutations

You have razor-sharp teeth.
You heal very quickly.
When hurt, damage is shared between your health and your magic reserves.
Your bite disrupts and absorbs the magic of your enemies.
Potions and wands cannot restore your health.
You are immune to rotting.


Message History

The wyvern barely misses you.
You hit the wyvern but do no damage. You bite the wyvern, but do no damage.
You feel less exhausted.
The wyvern bites you but does no damage.
The shadow imp throws its arms wide.
Your chain mail prevents you from hitting the wyvern.
The wyvern misses you.
You barely miss the wyvern. You bite the wyvern. You drain its power.
You feel invigorated.
The wyvern is lightly wounded.
The wyvern bites you.
* * * LOW HITPOINT WARNING * * *
Huge Dmg: -2%(-1hp) hp: 7%(3hp)
You hit the wyvern but do no damage. Your bite misses the wyvern.
The wyvern is lightly wounded.
The wyvern bites you but does no damage.
You hit the wyvern but do no damage.
The wyvern is lightly wounded.
The wyvern bites you!
You die...

#####....#
#....?...#
#.......#
#.....#
#.....#
#.....#
..##.5Z#
#.. ##5##
##. #D# #.
#@# ## ###


You could see a wyvern, a quasit, a shadow imp and a giant frog zombie.

Vanquished Creatures
  The ghost of McCoppin the Skirmisher, an average OpCK of Xom (D:5)
  3 ice beasts
  A phantom (D:4)
  4 ogres
  A necrophage (D:7)
  Sigmund (D:3)
  4 giant frogs
  2 scorpions
  14 wights
  A giant frog zombie (D:8)
  A goliath beetle (D:6)
  A jelly (D:5)
  A giant frog skeleton (D:6)
  3 orc priests
  3 hounds
  Natasha (thrice) (D:3)
  2 iguanas (D:5)
  3 worker ants
  3 orc wizards
  A big kobold zombie (Ossuary)
  Ijyb (D:3)
  A hound zombie (D:6)
  10 mummies
  Robin (D:2)
  3 river rats (D:3)
  5 adders
  3 giant mites
  A gnoll (D:1)
  3 shadow imps
  4 worms
  4 giant geckos
  An ooze (D:1)
  21 orcs
  3 ball pythons
  11 bats
  3 bat skeletons
  A bat zombie (D:5)
  7 giant cockroaches
  4 hobgoblins
  5 giant newts
  2 gnoll zombies (Ossuary)
  24 goblins
  A hobgoblin zombie (Ossuary)
  16 kobolds
  2 kobold zombies (Ossuary)
  2 orc zombies (Ossuary)
  3 quokkas
  10 rats
  6 ballistomycetes (D:7)
211 creatures vanquished.

Vanquished Creatures (others)
  2 giant spores (D:7)
2 creatures vanquished.

Grand Total: 213 creatures vanquished

Notes
Turn   | Place    | Note
--------------------------------------------------------------
     0 | D:1      | mauris, the Vine Stalker Venom Mage, began the quest for the Orb.
     0 | D:1      | Reached XP level 1. HP: 9/9 MP: 3/3
    70 | D:1      | Huge Dmg: 2 dmg
    72 | D:1      | Huge Dmg: 2 dmg
   152 | D:1      | Huge Dmg: 4 dmg
   159 | D:1      | Huge Dmg: 1 dmg
   255 | D:1      | Reached XP level 2. HP: 14/14 MP: 5/5
   318 | D:1      | Reached skill level 1 in Unarmed Combat
   361 | D:1      | Huge Dmg: 3 dmg
   363 | D:1      | Reached skill level 1 in Fighting
   363 | D:1      | Reached XP level 3. HP: 14/18 MP: 2/7
   674 | D:1      | Huge Dmg: 4 dmg
   679 | D:1      | Huge Dmg: 3 dmg
  1216 | D:2      | Huge Dmg: 6 dmg
  1647 | D:2      | Found an opulent altar of Gozag.
  1710 | D:2      | Found a basalt altar of Yredelemnul.
  1728 | D:2      | Found a snail-covered altar of Cheibriados.
  1733 | D:2      | Found a shimmering altar of Xom.
  1733 | D:2      | Found a white marble altar of Elyvilon.
  1752 | D:2      | Found a bloodstained altar of Trog.
  1845 | D:2      | Became a worshipper of Trog the Wrathful
  1882 | D:2      | Was placed under penance by Trog
  1890 | D:2      | Reached XP level 4. HP: 22/22 MP: 3/8
  1979 | D:2      | Noticed Robin
  2014 | D:1      | Huge Dmg: 4 dmg
  2316 | D:2      | Reached skill level 1 in Armour
  2331 | D:2      | Killed Robin
  2426 | D:2      | Fell from the grace of Trog
  2507 | D:2      | Became a worshipper of Trog the Wrathful
  2624 | D:3      | Noticed Natasha
  2641 | D:3      | Huge Dmg: 6 dmg
  2641 | D:3      | Killed Natasha
  2641 | D:3      | Reached XP level 5. HP: 18/26 MP: 8/11
  3046 | D:3      | Noticed Sigmund
  3072 | D:3      | Huge Dmg: 6 dmg
  3077 | D:3      | Killed Sigmund
  3208 | D:3      | Noticed Ijyb
  3209 | D:3      | Noticed Natasha
  3310 | D:3      | Killed Ijyb
  3310 | D:3      | Gained mutation: You heal very quickly. [vine stalker growth]
  3310 | D:3      | Reached XP level 6. HP: 30/30 MP: 12/12
  3346 | D:3      | Huge Dmg: 6 dmg
  3347 | D:3      | Huge Dmg: 5 dmg
  3347 | D:3      | Killed Natasha
  3378 | D:3      | Huge Dmg: 5 dmg
  3419 | D:3      | Huge Dmg: 7 dmg
  3532 | D:3      | Huge Dmg: 8 dmg
  3599 | D:3      | Noticed Natasha
  3604 | D:3      | Acquired Trog's first power
  3631 | D:3      | Killed Natasha
  3873 | D:4      | Huge Dmg: 11 dmg
  3877 | D:4      | Huge Dmg: 5 dmg
  3879 | D:4      | Huge Dmg: 4 dmg
  3886 | D:4      | Huge Dmg: 4 dmg
  3908 | D:4      | Reached skill level 1 in Short Blades
  3908 | D:4      | Reached XP level 7. HP: 12/35 MP: 7/14
  4528 | D:4      | Acquired Trog's second power
  4533 | D:4      | Found Dual's Assorted Antiques.
  4748 | D:5      | Entered Level 5 of the Dungeon
  4777 | D:5      | Found a sand-covered staircase.
  4799 | Ossuary  | Entered an ossuary
  4858 | Ossuary  | Huge Dmg: 16 dmg
  4916 | Ossuary  | Huge Dmg: 8 dmg
  5213 | D:5      | Noticed McCoppin's ghost (average OpCK)
  5224 | D:5      | Huge Dmg: 10 dmg
  5236 | D:5      | Killed McCoppin's ghost
  5329 | D:5      | Gained mutation: You have razor-sharp teeth. [vine stalker growth]
  5329 | D:5      | Reached XP level 8. HP: 41/41 MP: 16/16
  5345 | D:5      | Huge Dmg: 11 dmg
  5348 | D:5      | Huge Dmg: 9 dmg
  5351 | D:5      | Huge Dmg: 8 dmg
  5363 | D:5      | Huge Dmg: 9 dmg
  5676 | D:5      | Huge Dmg: 10 dmg
  5969 | D:6      | Found Khaecuh's Jewellery Boutique.
  5978 | D:6      | Bought an uncursed amulet of regeneration for 300 gold pieces
  6147 | D:6      | Huge Dmg: 7 dmg
  6262 | D:6      | Huge Dmg: 13 dmg
  6269 | D:6      | Huge Dmg: 13 dmg
  6351 | D:6      | Huge Dmg: 18 dmg
  7178 | D:7      | Reached XP level 9. HP: 42/46 MP: 16/18
  7359 | D:7      | Huge Dmg: 10 dmg
  7361 | D:7      | Huge Dmg: 10 dmg
  7396 | D:7      | Huge Dmg: 10 dmg
  7401 | D:7      | Huge Dmg: 9 dmg
  7404 | D:7      | Huge Dmg: 14 dmg
  7414 | D:7      | Huge Dmg: 5 dmg
  7462 | D:7      | Huge Dmg: 10 dmg
  7463 | D:7      | Huge Dmg: 8 dmg
  7465 | D:7      | Huge Dmg: 9 dmg
  7472 | D:7      | Huge Dmg: 11 dmg
  7595 | D:7      | Got a pair of crude boots
  7633 | D:7      | Identified the +1 pair of boots of the Clam {rF+} (You found it on level 7 of the Dungeon)
  7672 | D:7      | Found an ancient bone altar of Kikubaaqudgha.
  7672 | D:7      | Found a blossoming altar of Fedhas.
  7777 | D:7      | Found Smaung's Weapon Shoppe.
  7804 | D:7      | Found a staircase to the Ecumenical Temple.
  7829 | Temple   | Entered the Ecumenical Temple
  8081 | D:8      | Huge Dmg: 12 dmg
  8091 | D:8      | Reached skill level 5 in Axes
  8194 | D:8      | Reached skill level 6 in Axes
  8201 | D:8      | Huge Dmg: 15 dmg
  8208 | D:8      | Huge Dmg: 7 dmg
  8232 | D:8      | Huge Dmg: 15 dmg
  8233 | D:8      | Huge Dmg: 6 dmg
  8234 | D:8      | Huge Dmg: 9 dmg
  8235 | D:8      | HP: 2/46 [wyvern (5)]
  8236 | D:8      | Huge Dmg: 4 dmg
  8240 | D:8      | Huge Dmg: 1 dmg
  8241 | D:8      | Slain by a wyvern

Action                   |  1- 3 |  4- 6 |  7- 9 || total
-------------------------+-------+-------+-------++-------
Melee: Unarmed           |   100 |    32 |    75 ||   207
       Dagger            |       |   376 |   534 ||   910
       Battleaxe         |       |       |   111 ||   111
 Cast: Sting             |    48 |       |       ||    48
Invok: Berserk           |       |     1 |     6 ||     7
       Trog's Hand       |       |       |     1 ||     1
Evoke: Wand              |       |     3 |       ||     3
  Use: Scroll            |     3 |     4 |    13 ||    20
       Potion            |       |     2 |     2 ||     4
 Stab: Sleeping          |     3 |     3 |    10 ||    16
  Eat: Chunk             |     4 |     6 |    14 ||    24
       Bread ration      |       |       |     1 ||     1
       Beef jerky        |       |       |     2 ||     2
       Royal jelly       |       |       |     1 ||     1

Vault maps used:
D:1:      ncdulo_smallfort
D:2:      minmay_overflow_temple_star_hex, nicolae_gozag_seed_capital,
          uniq_robin
D:3:      portal_sewer_entry_e, uniq_sigmund, uniq_natasha, uniq_iyjb
D:4:      serial_shops, shop_fountains, first_bread
D:5:      nicolae_ossuary_entry_ruins
D:6:      serial_shops, shop
D:7:      grunt_temple_overflow_growth_and_decay, minmay_temple_entry_grid,
          serial_undead, serial_undead_c, serial_undead_b, serial_undead_e,
          serial_undead_f, serial_undead_d, serial_undead_c, serial_shops,
          nicolae_shop_crystal
D:8:      uniq_grum, uniq_pikel
Temple:   temple_eino_lava_12
Ossuary:  ossuary_tomb_3
